 Dungeon Crawl Stone Soup version 0.18.1-48-g4cf74bf (webtiles) character file.

14667 dvd the Artisan of Death (level 11, -1/101 HPs)
             Began as a Deep Dwarf Necromancer on July 19, 2016.
             Was a Priest of Kikubaaqudgha.
             Slain by a basilisk (2 damage)
             ... in a labyrinth.
             The game lasted 01:06:17 (13475 turns).

dvd the Artisan of Death (Deep Dwarf Necromancer)  Turns: 13475, Time: 01:06:19

Health: -1/101     AC:  8    Str: 14 (15) XL:     11   Next: 91%
Magic:  19/24      EV:  2    Int: 17 (18) God:    Kikubaaqudgha [***...]
Gold:   697        SH:  0    Dex: 14 (15) Spells: 7 memorised, 2 levels left

rFire  + . .     SeeInvis +     a - +0 broad axe (flame)
rCold  + . .     Gourm    .     K - +0 robe of the Slorg {+Inv rElec Dex+2 SInv}
rNeg   + + +     Faith    .     p - +3 buckler {rN+}
rPois  ∞         Spirit   .     g - +0 hat
rElec  +         Dismiss  .     m - +0 cloak
rCorr  .         Reflect  +     (no gloves)
SustAt .         Harm     .     (no boots)
MR     +....                    v - +3 amulet of reflection
Stlth  +++.......               o - +3 ring of protection
                                h - +3 ring of evasion

@: petrified, non-regenerating, somewhat resistant to hostile enchantments,
fairly stealthy
A: damage resistance, recharge devices, horns 1, large bone plates 1, cold
resistance 1, fire resistance 1, sense surroundings 2, robust 1, slow
regeneration 3, strong 1
a: Device Recharging, Receive Corpses, Renounce Religion, Evoke Invisibility


You were in a labyrinth.
You worshipped Kikubaaqudgha.
Kikubaaqudgha was most pleased with you.
You were not hungry.

You visited 3 branches of the dungeon, and saw 13 of its levels.
You also visited: Labyrinth and Sewer.

You collected 1010 gold pieces.
You spent 313 gold pieces at shops.

Inventory:

Hand Weapons
 a - a +0 broad axe of flaming (weapon)
 u - a +3 hand axe of draining
 B - a +1 flail of draining
 I - a +2 whip of flaming
 V - a +2 hand axe of chopping
Missiles
 y - 5 poisoned javelins (quivered)
Armour
 g - a +0 hat (worn)
 k - a +2 robe of magic resistance
 m - a +0 cloak (worn)
 p - a +3 buckler of positive energy (worn)
 t - a +0 helmet
 A - the +1 plate armour "Vuacwaoc" {+Fly}
   (You acquired it on level 1 of the Lair of Beasts)

   It lets you fly.
 K - the +0 robe of the Slorg (worn) {+Inv rElec Dex+2 SInv}
   (You bought it in a shop on level 7 of the Dungeon)

   It affects your dexterity (+2).
   It insulates you from electricity.
   It lets you see invisible.
   It lets you turn invisible.
Magical Staves
 Q - an uncursed staff of summoning
Jewellery
 h - a +3 ring of evasion (left hand)
 i - an uncursed ring of sustain attributes
 o - a +3 ring of protection (right hand)
 v - a +3 amulet of reflection (around neck)
 E - a +3 ring of evasion
 F - an uncursed ring of protection from fire
Wands
 c - a wand of heal wounds (5/9)
 s - a wand of paralysis (5/24)
 w - a wand of lightning (3/15)
 z - a wand of iceblast (5/15)
 D - a wand of confusion (29/48)
 J - a wand of paralysis (18/24)
 S - a wand of lightning (9/15)
Scrolls
 f - 9 scrolls of identify
 j - 5 scrolls of teleportation
 C - 2 scrolls of enchant weapon
 P - 5 scrolls of remove curse
Potions
 e - 4 potions of heal wounds
 l - 9 potions of flight
 q - a potion of invisibility
 r - 11 potions of curing
 x - a potion of brilliance
 L - 2 potions of cure mutation
 N - a potion of berserk rage
 T - a potion of might
 U - a potion of lignification
 W - 2 potions of haste
Books
 b - a book of Necromancy

   Spells                             Type                      Level
   a - Pain                           Necromancy                   1
   b - Animate Skeleton               Necromancy                   1
   c - Vampiric Draining              Necromancy                   3
   d - Regeneration                   Charms/Necromancy            3
   e - Animate Dead                   Necromancy                   4
   f - Control Undead                 Necromancy                   4
 M - Kikubaaqudgha's Disquisition on Evil
   (Kikubaaqudgha gifted it to you on level 8 of the Dungeon)

   Spells                             Type                      Level
   a - Animate Skeleton               Necromancy                   1
   b - Corpse Rot                     Necromancy                   2
   c - Sublimation of Blood           Necromancy                   2
   d - Vampiric Draining              Necromancy                   3
   e - Control Undead                 Necromancy                   4
 R - Kikubaaqudgha's Handbook of Necromancy
   (Kikubaaqudgha gifted it to you on level 10 of the Dungeon)

   Spells                             Type                      Level
   a - Bolt of Draining               Conjuration/Necromancy       5
   b - Agony                          Necromancy                   5
   c - Cigotuvi's Embrace             Necromancy                   5
   d - Dispel Undead                  Necromancy                   5
   e - Simulacrum                     Ice/Necromancy               6
Comestibles
 d - 12 bread rations
 n - 7 meat rations
 G - 6 fruits
 H - 3 slices of pizza
 O - 6 beef jerkies


   Skills:
 + Level 4.2 Fighting
 + Level 4.4(4.7) Axes
 + Level 1.7(3.1) Maces & Flails
 + Level 0.2 Armour
 + Level 8.6 Dodging
 + Level 5.1 Stealth
 + Level 6.0 Shields
 + Level 9.6 Spellcasting
 + Level 12.0 Necromancy
 + Level 0.6 Evocations


You had 2 spell levels left.
You knew the following spells:

 Your Spells              Type           Power        Failure   Level  Hunger
a - Pain                  Necr           ####         1%          1    None
b - Vampiric Draining     Necr           #####.....   1%          3    None
c - Animate Dead          Necr           N/A          1%          4    ###....
d - Control Undead        Necr           #####.....   1%          4    ###....
e - Dispel Undead         Necr           #####...     1%          5    #####..
f - Bolt of Draining      Conj/Necr      ####......   24%         5    #####..
g - Cigotuvi's Embrace    Necr           #####.....   1%          5    #####..


Dungeon Overview and Level Annotations

Branches:
Dungeon (10/15)            Temple (1/1) D:7            Lair (2/8) D:9
    Orc (0/2) D:10

Altars:
Ashenzari
Cheibriados
Dithmenos
Elyvilon
Fedhas
Gozag
Kikubaaqudgha
Makhleb
Nemelex Xobeh
Okawaru
Pakellas
Qazlal
Ru
Sif Muna
Trog
Vehumet
Xom
Yredelemnul
Zin
The Shining One

Shops:
D:4 [   D:7 [[[

Annotations:
D:3 TBriggs11TB's ghost, amateur GrFi


Innate Abilities, Weirdness & Mutations

You are resistant to damage.
You can recharge devices by infusing magical energy.
You passively map the area around you.
You do not regenerate naturally.
You have a pair of small horns on your head.
You are partially covered in large bone plates (AC +2, SH +2).
Your flesh is cold resistant.
Your flesh is heat resistant.
You are robust (+10% HP).
Your muscles are strong. (Str +2)


Message History

* * * LOW HITPOINT WARNING * * *
The basilisk gazes at you. You resist with almost no effort.
The basilisk gazes at you. You resist with almost no effort.
You have turned to stone.
The basilisk gazes at you. You resist with almost no effort.
The basilisk bites you!
* * * LOW HITPOINT WARNING * * *
The basilisk bites you!
* * * LOW HITPOINT WARNING * * *
The basilisk bites you. The basilisk barely misses you.
The basilisk gazes at you. You resist with almost no effort.
The basilisk bites you!
* * * LOW HITPOINT WARNING * * *
The basilisk bites you.
* * * LOW HITPOINT WARNING * * *
The basilisk bites you.
You die...
Kikubaaqudgha rasps: "You have failed me!
Welcome... oblivion!"

#### ... ##..
..# ###.# #.#
......#l###.#
#..@l..#
#..l#####
#.#.. ...
#.#.... .
#.### # # . #
.. # #. # . .
. ## # #


You could see 3 basilisks.

Vanquished Creatures
  The ghost of sarahorange the Nimble, a journeyman DsAs of Nemelex Xobeh (Lair:1)
  A hydra (Lair:2)
  Urug (D:10)
  Nergalle (D:10)
  An unseen horror (D:10)
  A hill giant (D:10)
  Pikel (D:6)
  A deep elf mage (D:10)
  A black mamba (D:9)
  A centaur skeleton (D:10)
  A spiny frog (Lair:1)
  2 komodo dragons (Lair:1)
  2 trolls
  A wyvern (D:8)
  10 yaks
  A basilisk (Lab)
  2 hippogriffs
  A water moccasin (Lair:2)
  5 orc warriors (D:10)
  5 porcupines
  5 ice beasts
  2 black bears
  A sky beast (D:10)
  2 slaves (D:6)
  A phantom (D:4)
  6 ogres
  A crocodile (Lair:1)
  4 big kobolds
  8 giant frogs
  2 scorpions
  3 wights (D:7)
  4 electric eels
  7 crimson imps
  6 howler monkeys
  A wasp zombie (D:10)
  A centaur zombie (D:8)
  8 orc priests
  4 hounds
  9 orc wizards
  A giant frog skeleton (D:5)
  4 iguanas
  7 worker ants
  Natasha (thrice) (D:2)
  A hound skeleton (D:5)
  A howler monkey skeleton (D:8)
  A worker ant zombie (D:9)
  Robin (D:3)
  A gnoll (D:1)
  8 adders
  17 river rats
  2 shadow imps
  An adder skeleton (D:5)
  3 worms
  4 dart slugs
  2 giant geckos
  37 orcs
  9 giant cockroaches
  12 goblins
  13 hobgoblins
  10 jackals
  15 kobolds
  2 ball pythons
  A ball python zombie (D:5)
  7 bats
  2 giant gecko skeletons
  8 giant newts
  A jackal skeleton (D:4)
  A quokka skeleton (D:4)
  16 rats
  A bush (Lair:1)
307 creatures vanquished.

Vanquished Creatures (collateral kills)
  A centaur skeleton (D:10)
  A yak (D:10)
  An ice beast (D:7)
  2 orc warriors (D:9)
  A sky beast (D:9)
  A black bear (D:9)
  2 ogres
  A necrophage (D:10)
  A phantom (D:10)
  A water moccasin zombie (D:9)
  2 scorpions
  A quasit (D:9)
  A hound (D:9)
  3 orc wizards
  4 worker ants (D:9)
  A killer bee zombie (D:9)
  A hound zombie (D:8)
  A howler monkey skeleton (D:10)
  3 orcs
  A goblin (D:2)
30 creatures vanquished.

Vanquished Creatures (others)
  2 centaurs
  2 orcs (D:10)
4 creatures vanquished.

Grand Total: 341 creatures vanquished

Notes
Turn   | Place    | Note
--------------------------------------------------------------
     0 | D:1      | dvd the Deep Dwarf Necromancer began the quest for the Orb.
     0 | D:1      | Reached XP level 1. HP: 15/15 MP: 3/3
   271 | D:1      | Reached XP level 2. HP: 22/22 MP: 1/4
   564 | D:1      | Reached skill level 5 in Necromancy
   567 | D:1      | Reached XP level 3. HP: 21/28 MP: 0/6
   572 | D:1      | Learned a level 3 spell: Vampiric Draining
  1092 | D:2      | Noticed Natasha
  1098 | D:2      | Killed Natasha
  1098 | D:2      | Reached XP level 4. HP: 22/36 MP: 0/7
  1188 | D:2      | Found an oddly glowing altar of Pakellas.
  1334 | D:2      | Noticed Natasha
  1508 | D:2      | Learned a level 4 spell: Animate Dead
  1549 | D:2      | Killed Natasha
  1933 | D:2      | Noticed Natasha
  1939 | D:2      | Killed Natasha
  1939 | D:2      | Reached XP level 5. HP: 41/43 MP: 1/9
  2102 | D:3      | Noticed TBriggs11TB's ghost (amateur GrFi)
  2147 | D:3      | Noticed Robin
  2694 | D:3      | Killed Robin
  2806 | D:3      | Reached skill level 6 in Necromancy
  3591 | D:3      | Reached XP level 6. HP: 48/50 MP: 7/11
  4076 | D:4      | Reached skill level 1 in Maces & Flails
  4166 | D:4      | Found a glowing drain.
  4188 | D:4      | Reached XP level 7. HP: 8/56 MP: 0/13
  4218 | Sewer    | Entered a sewer
  4485 | Sewer    | Reached skill level 1 in Fighting
  4588 | Sewer    | Found a white marble altar of Elyvilon.
  4820 | D:4      | Found Plog's Armour Shoppe.
  4829 | D:4      | Reached skill level 7 in Necromancy
  4835 | D:4      | Bought a +1 buckler of positive energy for 148 gold pieces
  5225 | D:4      | Found a sacrificial altar of Ru.
  5442 | D:5      | Entered Level 5 of the Dungeon
  5468 | D:5      | Reached skill level 5 in Spellcasting
  5468 | D:5      | Reached XP level 8. HP: 39/64 MP: 2/15
  5618 | D:5      | Gained mutation: You are partially covered in large bone plates (AC +2, SH +2). [potion of mutation]
  5618 | D:5      | Gained mutation: Your muscles are strong. (Str +2) [potion of mutation]
  5618 | D:5      | Gained mutation: You have a pair of small horns on your head. [potion of mutation]
  5751 | D:5      | Reached skill level 1 in Shields
  6208 | D:5      | Found a deep blue altar of Sif Muna.
  6484 | D:6      | Noticed Pikel
  6529 | D:6      | Killed Pikel
  6529 | D:6      | Reached skill level 1 in Axes
  6529 | D:6      | Reached skill level 5 in Dodging
  6529 | D:6      | Reached skill level 8 in Necromancy
  6850 | D:6      | Found an iron altar of Okawaru.
  6954 | D:6      | Gained mutation: You passively map the area around you. [Deep Dwarf growth]
  6954 | D:6      | Reached XP level 9. HP: 72/73 MP: 17/17
  7049 | D:6      | Learned a level 4 spell: Control Undead
  7260 | D:7      | Found Unnol's Antique Armour Emporium.
  7315 | D:7      | Found a staircase to the Ecumenical Temple.
  7322 | Temple   | Entered the Ecumenical Temple
  7418 | Temple   | Became a worshipper of Kikubaaqudgha
  7494 | D:7      | Found Duduw's Antique Armour Emporium.
  7503 | D:7      | Bought a transparent robe for 165 gold pieces
  7533 | D:7      | Identified the cursed +0 robe of the Slorg {+Inv rElec Dex+2 SInv} (You bought it in a shop on level 7 of the Dungeon)
  7572 | D:7      | Found Poiw's Armour Emporium.
  8247 | D:8      | Reached skill level 9 in Necromancy
  8398 | D:8      | Reached * piety under Kikubaaqudgha
  8398 | D:8      | Received a gift from Kikubaaqudgha
  8399 | D:8      | Identified Kikubaaqudgha's Disquisition on Evil (Kikubaaqudgha gifted it to you on level 8 of the Dungeon)
  8772 | D:9      | Noticed a troll
  8787 | D:9      | Killed a troll
  8909 | D:9      | Found a staircase to the Lair.
  8934 | D:9      | Reached XP level 10. HP: 62/81 MP: 20/20
  9810 | D:9      | Reached skill level 10 in Necromancy
  9823 | D:9      | Reached ** piety under Kikubaaqudgha
  9823 | D:9      | Reached skill level 5 in Stealth
  9841 | Lair:1   | Entered Level 1 of the Lair of Beasts
  9841 | Lair:1   | Noticed a black mamba
  9851 | D:9      | Killed a black mamba
 10070 | Lair:1   | Noticed sarahorange's ghost (journeyman DsAs)
 10120 | D:10     | Entered Level 10 of the Dungeon
 10140 | D:10     | Noticed Nergalle
 10482 | D:10     | Noticed Urug
 10871 | D:10     | Gained mutation: Your flesh is heat resistant. [mutagenic meat]
 10873 | D:10     | Gained mutation: You are robust (+10% HP). [mutagenic meat]
 10874 | D:10     | Gained mutation: Your flesh is cold resistant. [mutagenic meat]
 10892 | D:10     | Noticed a spectral orc warlord
 10942 | D:10     | Killed Nergalle
 10942 | D:10     | Reached skill level 5 in Shields
 11075 | D:10     | Reached XP level 11. HP: 81/99 MP: 2/23
 11252 | D:10     | Found a staircase to the Orcish Mines.
 11303 | D:10     | Noticed an unseen horror
 11310 | D:10     | Killed an unseen horror
 11349 | D:10     | Reached *** piety under Kikubaaqudgha
 11349 | D:10     | Received a gift from Kikubaaqudgha
 11350 | D:10     | Identified Kikubaaqudgha's Handbook of Necromancy (Kikubaaqudgha gifted it to you on level 10 of the Dungeon)
 11357 | D:10     | Learned a level 5 spell: Dispel Undead
 11363 | D:10     | Learned a level 5 spell: Bolt of Draining
 11369 | D:10     | Learned a level 5 spell: Cigotuvi's Embrace
 11377 | D:10     | Noticed a deep elf mage
 11384 | D:10     | Killed a deep elf mage
 11558 | D:10     | Noticed a hill giant
 11573 | D:10     | Killed a hill giant
 11573 | D:10     | Reached skill level 11 in Necromancy
 11607 | D:10     | Killed Urug
 12420 | Lair:1   | Killed sarahorange's ghost
 12510 | Lair:1   | Identified a scroll of acquirement
 12511 | Lair:1   | Got a brightly glowing plate armour
 12522 | Lair:1   | Identified the +1 plate armour "Vuacwaoc" {+Fly} (You acquired it on level 1 of the Lair of Beasts)
 13258 | Lair:2   | Found a labyrinth entrance.
 13328 | Lair:2   | Noticed a five-headed hydra
 13337 | Lair:2   | Killed a two-headed hydra
 13337 | Lair:2   | Reached skill level 12 in Necromancy
 13342 | Lab      | Entered a labyrinth
 13475 | Lab      | HP: 2/101 [basilisk (6)]
 13475 | Lab      | Slain by a basilisk

Skill      XL: |  1  2  3  4  5  6  7  8  9 10 11 |
---------------+----------------------------------+-----
Spellcasting   | 2 3 4 5 7 8 9 |  9.6
Necromancy     | 5 6 7 8 9 10 12 | 12.0
Stealth        | 3 4 5 |  5.1
Maces & Flails | 1 |  1.7
Dodging        | 3 5 6 7 8 |  8.6
Fighting       | 1 2 3 4 |  4.2
Shields        | 2 3 5 6 |  6.0
Axes           | 1 2 3 4 |  4.4
Armour         | |  0.2
Evocations     | |  0.6

Action                   |  1- 3 |  4- 6 |  7- 9 | 10-12 || total
-------------------------+-------+-------+-------+-------++-------
Melee: Unarmed           |     1 |       |       |       ||     1
       Mace              |    28 |   109 |    25 |       ||   162
       Hand axe          |       |       |   241 |   156 ||   397
       Headbutt          |       |       |    36 |    66 ||   102
       Broad axe         |       |       |       |   158 ||   158
 Cast: Pain              |    40 |    37 |    40 |    62 ||   179
       Vampiric Draining |     4 |    53 |    89 |   132 ||   278
       Animate Dead      |       |     7 |    12 |    23 ||    42
       Control Undead    |       |       |     1 |     4 ||     5
       Dispel Undead     |       |       |       |     4 ||     4
       Bolt of Draining  |       |       |       |     3 ||     3
       Cigotuvi's Embrac |       |       |       |     1 ||     1
Invok: Receive Corpses   |       |       |       |     2 ||     2
Evoke: Wand              |       |     6 |     1 |     5 ||    12
  Use: Scroll            |       |     8 |     1 |    10 ||    19
       Potion            |       |     5 |     5 |     2 ||    12
 Stab: Sleeping          |     1 |     3 |     4 |     1 ||     9
       Distracted        |       |       |       |     5 ||     5
  Eat: Chunk             |     2 |    12 |    21 |    22 ||    57
       Bread ration      |       |     1 |       |       ||     1
       Beef jerky        |       |       |     1 |     1 ||     2
       Pizza             |       |       |       |     1 ||     1
Armor: Robe              |     6 |    38 |    77 |    66 ||   187
       Ring mail         |       |       |     9 |       ||     9
Dodge: Dodged            |    31 |   124 |   235 |   317 ||   707
Block: Other             |       |     6 |       |       ||     6
       Buckler           |       |       |   184 |   293 ||   477
       Reflection        |       |       |     6 |    21 ||    27
